cohdb
Replays
Latest Replays
All Replays
Popular Replays
Top Player Replays
Match Explorer
How It Works
Community
CoH3 Stats
Reddit
Sign in to upload your games and track your stats! →
Sign in with Steam
Match 32353882
Unlisted
Match 32353882
Overview
Messages
Build Orders
End
Selects Advanced Infantry Battlegroup
Engineer Squad
Construct Weapon Support Center
M1919 Machine Gun Team
Bazooka Squad
Construct Barracks
Selects Artillery Observers
M1 Mortar Team
1⁄4-ton 4x4 Truck
Mechanized Support Center
Improved M9 Bazooka Rockets
Selects Convert to Ranger Squad
Construct Medical Station
Ranger Squad
Grenade Package
Construct Motor Pool
Selects M2A1 105mm Howitzer Emplacement
M1 Anti-tank Gun Team
M1 Anti-tank Gun Team
Construct Tank Depot
Selects Free Fire Drills
Selects Frontline Medical Station
M4A1 76mm Conversion
TurkeySlapper
NJMAN
kimchismell
gUi
MaYoR
2B的室女
anuluj
FANTOM
0
0
Comments
sign in to comment!
No comments posted yet!